 Dungeon Crawl Stone Soup version 0.27-a0-417-g317cea8a3c (webtiles) character file.

Game seed: 13499348914255264424

28 wampuh the Ruffian (level 3, 0/28 HPs)
             Began as a Draconian Transmuter on Feb 25, 2021.
             Succumbed to an adder's poison
             ... on level 2 of the Dungeon.
             The game lasted 00:01:07 (841 turns).

wampuh the Ruffian (Draconian Transmuter)            Turns: 841, Time: 00:01:08

Health: 0/28       AC:  5    Str: 12    XL:     3   Next: 0%
Magic:  5/6        EV: 12    Int: 14    God:
Gold:   33         SH:  0    Dex: 11    Spells: 6/7 levels left

rFire    . . .     SeeInvis .     - Unarmed
rCold    . . .     Faith    .   (no shield)
rNeg     . . .     Spirit   .   (armour unavailable)
rPois    .         Reflect  .   (helmet restricted)
rElec    .         Harm     .   (no cloak)
rCorr    .         Rampage  .   (no gloves)
Will     .....                  (no boots)
Stlth    +.........             (no amulet)
HPRegen  0.09/turn              b - ring of flight
MPRegen  0.10/turn              (no ring)

@: lethally poisoned (0 -> -2), very slightly contaminated, invisible
A: unfitting armour, cold-blooded, AC +5
a: Evoke Flight


You were on level 2 of the Dungeon.
You visited 1 branch of the dungeon, and saw 2 of its levels.

You collected 33 gold pieces.

Inventory:

Jewellery
 b - a ring of flight (left hand)
 e - an amulet of reflection
Scrolls
 a - a scroll of enchant weapon {unknown}
 c - a scroll of blinking {unknown}


   Skills:
 - Level 1.1 Fighting
 - Level 1.7 Dodging
 + Level 0.1 Stealth
 - Level 3.0 Unarmed Combat
 + Level 2.6 Spellcasting
 * Level 2.9 Transmutations


You had 6 spell levels left.
You knew the following spells:

 Your Spells              Type           Power        Failure   Level
a - Beastly Appendage     Tmut           20%          7%          1

Your spell library contained the following spells:

 Spells                   Type           Power        Failure   Level
 Wereblood                Tmut           10%          11%         2
 Spider Form              Tmut/Pois      2%           36%         3
 Ice Form                 Ice/Tmut       5%           77%         4
 Blade Hands              Tmut           5%           88%         5


Dungeon Overview and Level Annotations

Branches:
Dungeon (2/15)

Altars:


Innate Abilities, Weirdness & Mutations

Your plain brown scales are hard. (AC +5)
You cannot fit into any form of body armour.
You are cold-blooded and may be slowed by cold attacks.


Message History

* * * LOW HITPOINT WARNING * * *
You feel sick.
A kobold comes into view.
The kobold shouts!
Things that are here:
an amulet of reflection; 13 gold pieces
e - an amulet of reflection You now have 33 gold pieces (gained 13).
* * * LOW HITPOINT WARNING * * *
You feel sick.
It was a potion of invisibility.
You fade into invisibility!
* * * LOW HITPOINT WARNING * * *
You feel sick.
You are very lightly contaminated with residual magic.
Your horns disappear.
Your talons disappear.
You are too injured to fight recklessly!
Casting: Beastly Appendage (safe; 8% risk of failure)
Confirm with . or Enter, or press ? or * to list all spells.
You grow a pair of large bovine horns.
Your feet morph into talons.
* * * LOW HITPOINT WARNING * * *
You feel sick.
You hit the kobold.
You kill the kobold!
You have reached level 3!
Your experience leads to an increase in your attributes!
Increase (S)trength, (I)ntelligence, or (D)exterity?
You feel clever.
Your scales feel tougher.
There is a lethal amount of poison in your body!
Your transformation is almost over.
* * * LOW HITPOINT WARNING * * *
You feel sick.
You aren't carrying any potions.
* * * LOW HITPOINT WARNING * * *
You feel sick.
There is a stone staircase leading down here.
* * * LOW HITPOINT WARNING * * *
You feel sick.
Your horns disappear.
Your talons disappear.
You die...

#.. .. #.# #.#
##..... #.#
#.###.....# #.#
#.##....... #.#
#.##.......
#.###.##.......
##.............#
#.#####...........).#
#....@..####>###...#
######### #.##.)#..#
#.†...# ...
###########....# ..
#...........#### .
#.#########....# #.#
####.# #.# # #.#


There were no monsters in sight!

Vanquished Creatures
  An adder (D:2)
  A dart slug (D:1)
  A bat (D:1)
  2 giant cockroaches (D:1)
  3 goblins
  A hobgoblin (D:2)
  A quokka (D:2)
  2 ball pythons (D:1)
  A frilled lizard (D:1)
  2 kobolds
  2 rats (D:1)
17 creatures vanquished.

Notes
Turn   | Place    | Note
-------+----------+-------------------------------------------
     0 | D:1      | wampuh the Draconian Transmuter began the quest for the
                  | Orb.
     0 | D:1      | Reached XP level 1. HP: 16/16 MP: 3/3
   253 | D:1      | Reached XP level 2. HP: 23/23 MP: 3/5
   829 | D:2      | Reached XP level 3. HP: 3/28 MP: 3/6
   837 | D:2      | HP: 1/28 [poisoned by an adder]
   841 | D:2      | Succumbed to an adder's poison

Illustrated notes

Levels and vault maps discovered:
D:1:      dpeg_arrival_stone_temple_mockup, layout_basic
D:2:      layout_loops_ring

Action                   || total
-------------------------++-------
Melee: Unarmed           ||    46
       Kick              ||     8
       Punch             ||     2
       Tailslap          ||     6
       Headbutt          ||     2
 Cast: Beastly Appendage ||    12
  Use: Potion            ||     1
Armor: Skin              ||    12
Dodge: Dodged            ||    26

Table legend: (Time is in decaauts)
 A = Elapsed time spent in this place.
 B = Non-inter-level travel time spent in this place.
 C = Inter-level travel time spent in this place.
 D = Time resting spent in this place.
 E = Time spent auto-exploring this place.
 F = Levels seen in this place.
 G = Mean time per level.
                   A        B        C        D        E       F      G
               +--------+--------+--------+--------+--------+-----+--------+
         Total |    837 |    799 |     38 |      0 |    681 |   2 |  418.5 |
       Dungeon |    837 |    799 |     38 |      0 |    681 |   2 |  418.5 |
               +--------+--------+--------+--------+--------+-----+--------+

Top non-repeatable levels by time:
     D:1: 725 daAuts
     D:2: 111 daAuts
